EVO
UCLA BRUINS @ UNIVERSITY OF SOUTH CAROLINA GAMECOCKS
07/20/2044
 
TOP OF THE 1ST
Toronto (WIN) Blue Jays batting - Pitching for Chicago (WIN) White Sox : RHP Adam Ratcliff
Pitching: RHP Adam Ratcliff
Batting: RHB Liangde Li 0-0: Called Strike
0-1: Swinging Strike
0-2: Ball
1-2: Strikes out swinging
Batting: RHB Josh Whitmore 0-0: Called Strike
0-1: Swinging Strike
0-2: Strikes out swinging
Batting: LHB Jesus Romero 0-0: Ball
1-0: Called Strike
1-1: Foul Ball, location: 2F
1-2: Strikes out looking
Top of the 1st over - 0 runs, 0 hits, 0 errors, 0 left on base; Toronto (WIN) 0 - Chicago (WIN) 0
BOTTOM OF THE 1ST
Chicago (WIN) White Sox batting - Pitching for Toronto (WIN) Blue Jays : LHP Stacy Hootentootin
Pitching: LHP Stacy Hootentootin
Batting: LHB Casper Kersten 0-0: Swinging Strike
0-1: Ball
1-1: Swinging Strike
1-2: Strikes out looking
Batting: SHB Dan Lash 0-0: Called Strike
0-1: SINGLE (Groundball, 6S, EV 72.5 MPH) (infield hit)
Batting: RHB Jason Moss 0-0: Ball
1-0: Ball
2-0: Called Strike
2-1: Fielders Choice at 2nd, 3-6 (Groundball, 34, EV 103.1 MPH)
Batting: RHB Will Washburn 0-0: Ball
1-0: Called Strike
1-1: Called Strike
1-2: Ball
Jason Moss steals 2nd base (no throw)
2-2: Strikes out swinging
Bottom of the 1st over - 0 runs, 1 hit, 0 errors, 1 left on base; Toronto (WIN) 0 - Chicago (WIN) 0
TOP OF THE 2ND
Toronto (WIN) Blue Jays batting - Pitching for Chicago (WIN) White Sox : RHP Adam Ratcliff
Batting: LHB Isto Mäyrä 0-0: Ball
1-0: Ball
2-0: Called Strike
2-1: Fly out, F7 (Flyball, 7LM, EV 88.1 MPH)
Batting: RHB Tony Logan 0-0: Called Strike
0-1: Foul Ball, location: 2F
0-2: Ball
1-2: Ball
2-2: Ball
3-2: Foul Ball, location: 2F
3-2: SINGLE (Line Drive, 4MD, EV 94.4 MPH)
Batting: RHB Luis Vega 0-0: Ball
1-0: Called Strike
1-1: Ball
2-1: Swinging Strike
2-2: Grounds into double play, 6-4-3 (Groundball, 6, EV 91.3 MPH)
Top of the 2nd over - 0 runs, 1 hit, 0 errors, 0 left on base; Toronto (WIN) 0 - Chicago (WIN) 0
BOTTOM OF THE 2ND
Chicago (WIN) White Sox batting - Pitching for Toronto (WIN) Blue Jays : LHP Stacy Hootentootin
Batting: LHB Manny Estrada 0-0: SINGLE (Groundball, 6D, EV 95.6 MPH)
Batting: RHB Leo Navarro 0-0: Called Strike
0-1: Swinging Strike
0-2: Strikes out swinging
Batting: LHB Jack Christie 0-0: SINGLE (Groundball, 4D, EV 95.6 MPH)
Manny Estrada to second
Batting: RHB Ivan Ramirez 0-0: Called Strike
0-1: Ball
1-1: Foul Ball, location: 2F
1-2: Foul Ball, location: 2F
1-2: Ball
2-2: Grounds into double play, 6-4-3 (Groundball, 6, EV 85.6 MPH)
Bottom of the 2nd over - 0 runs, 2 hits, 0 errors, 1 left on base; Toronto (WIN) 0 - Chicago (WIN) 0
TOP OF THE 3RD
Toronto (WIN) Blue Jays batting - Pitching for Chicago (WIN) White Sox : RHP Adam Ratcliff
Batting: RHB Ricky Jimenez 0-0: Foul Ball, location: 2F
0-1: Ball
1-1: Called Strike
1-2: Ball
2-2: Strikes out swinging
Batting: RHB Kirk Arp 0-0: Swinging Strike
0-1: Swinging Strike
0-2: Strikes out swinging
Batting: RHB Dale Aubrey 0-0: Ball
1-0: Called Strike
1-1: Ball
2-1: Ball
3-1: DOUBLE (Line Drive, 78D, EV 108.1 MPH)
Batting: RHB Liangde Li 0-0: Foul Ball, location: 2F
0-1: Called Strike
0-2: Ball
1-2: Strikes out looking
Top of the 3rd over - 0 runs, 1 hit, 0 errors, 1 left on base; Toronto (WIN) 0 - Chicago (WIN) 0
BOTTOM OF THE 3RD
Chicago (WIN) White Sox batting - Pitching for Toronto (WIN) Blue Jays : LHP Stacy Hootentootin
Batting: LHB Francisco Mayorga 0-0: Called Strike
0-1: Ball
1-1: Ball
2-1: Ball
3-1: Base on Balls
Batting: LHB Casper Kersten 0-0: Foul Ball, location: 2F
0-1: Ball
1-1: Swinging Strike
1-2: Ball
2-2: Strikes out swinging
Batting: SHB Dan Lash 0-0: Called Strike
0-1: Grounds into double play, 6-4-3 (Groundball, 6, EV 95.6 MPH)
Bottom of the 3rd over - 0 runs, 0 hits, 0 errors, 0 left on base; Toronto (WIN) 0 - Chicago (WIN) 0
TOP OF THE 4TH
Toronto (WIN) Blue Jays batting - Pitching for Chicago (WIN) White Sox : RHP Adam Ratcliff
Batting: RHB Josh Whitmore 0-0: Swinging Strike
0-1: Ball
1-1: Foul Ball, location: 2F
1-2: Foul Ball, location: 2F
1-2: Ball
2-2: Ball
3-2: Base on Balls
Batting: LHB Jesus Romero 0-0: Ball
1-0: Called Strike
1-1: Ball
2-1: Foul Ball, location: 2F
2-2: Ball
3-2: Base on Balls
Josh Whitmore to second
Batting: LHB Isto Mäyrä 0-0: Ball
1-0: Foul Ball, location: 2F
1-1: Ball
2-1: Ball
3-1: Base on Balls
Josh Whitmore to third
Jesus Romero to second
Batting: RHB Tony Logan 0-0: Swinging Strike
0-1: Fly out, F4 (Line Drive, 4, EV 65.6 MPH)
Batting: RHB Luis Vega 0-0: Foul Ball, location: 2F
0-1: Ball
1-1: Ball
2-1: Ball
3-1: Foul Ball, location: 2F
3-2: Foul Ball, location: 2F
3-2: Strikes out swinging
Batting: RHB Ricky Jimenez 0-0: Ball
1-0: Called Strike
1-1: Ball
2-1: Foul Ball, location: 2F
2-2: Fly out, F8 (Flyball, 8LS, EV 93.1 MPH)
Top of the 4th over - 0 runs, 0 hits, 0 errors, 3 left on base; Toronto (WIN) 0 - Chicago (WIN) 0
BOTTOM OF THE 4TH
Chicago (WIN) White Sox batting - Pitching for Toronto (WIN) Blue Jays : LHP Stacy Hootentootin
Batting: RHB Jason Moss 0-0: Foul Ball, location: 2F
0-1: Swinging Strike
0-2: Foul Ball, location: 2F
0-2: Ball
1-2: Ball
2-2: Foul Ball, location: 2F
2-2: Ball
3-2: Strikes out swinging
Batting: RHB Will Washburn 0-0: Called Strike
0-1: Ball
1-1: Swinging Strike
1-2: Ball
2-2: SOLO HOME RUN (Flyball, 78XD, EV 103.8 MPH), Distance : 440 ft
Batting: LHB Manny Estrada 0-0: Called Strike
0-1: Swinging Strike
0-2: Ball
1-2: Strikes out swinging
Batting: RHB Leo Navarro 0-0: Ball
1-0: Foul Ball, location: 2F
1-1: Foul Ball, location: 2F
1-2: Ball
2-2: Strikes out swinging
Bottom of the 4th over - 1 run, 1 hit, 0 errors, 0 left on base; Toronto (WIN) 0 - Chicago (WIN) 1
TOP OF THE 5TH
Toronto (WIN) Blue Jays batting - Pitching for Chicago (WIN) White Sox : RHP Adam Ratcliff
Batting: RHB Kirk Arp 0-0: Foul Ball, location: 2F
0-1: Swinging Strike
0-2: Ball
1-2: Strikes out swinging
Pitching: RHP Alex Montes
Batting: RHB Dale Aubrey 0-0: Ball
1-0: Swinging Strike
1-1: Ball
2-1: Foul Ball, location: 2F
2-2: Strikes out swinging, 2-3 out at first.
Batting: RHB Liangde Li 0-0: Ball
1-0: Ball
2-0: SINGLE (Groundball, 56D, EV 87.5 MPH) (infield hit)
Batting: RHB Josh Whitmore 0-0: Called Strike
Liangde Li steals 2nd base (no throw)
0-1: Swinging Strike
0-2: Ground out 6-3 (Groundball, 6, EV 85.6 MPH)
Top of the 5th over - 0 runs, 1 hit, 0 errors, 1 left on base; Toronto (WIN) 0 - Chicago (WIN) 1
BOTTOM OF THE 5TH
Chicago (WIN) White Sox batting - Pitching for Toronto (WIN) Blue Jays : LHP Stacy Hootentootin
Batting: LHB Jack Christie 0-0: Called Strike
0-1: Ground out 4-3 (Groundball, 4, EV 102.5 MPH)
Batting: RHB Ivan Ramirez 0-0: Ball
1-0: Swinging Strike
1-1: Swinging Strike
1-2: Strikes out swinging
Batting: LHB Francisco Mayorga 0-0: Ball
1-0: Ball
2-0: Foul Ball, location: 2F
2-1: Ball
3-1: Base on Balls
Batting: LHB Casper Kersten 0-0: Ball
1-0: Swinging Strike
1-1: Called Strike
1-2: Ground out 1-3 (Groundball, 13S, EV 75.0 MPH)
Bottom of the 5th over - 0 runs, 0 hits, 0 errors, 1 left on base; Toronto (WIN) 0 - Chicago (WIN) 1
TOP OF THE 6TH
Toronto (WIN) Blue Jays batting - Pitching for Chicago (WIN) White Sox : RHP Alex Montes
Batting: LHB Jesus Romero 0-0: Foul Ball, location: 2F
0-1: Ball
1-1: Swinging Strike
1-2: DOUBLE (Line Drive, 5D, EV 98.1 MPH)
Batting: LHB Isto Mäyrä 0-0: Called Strike
0-1: Ball
1-1: Called Strike
1-2: Strikes out swinging
Batting: RHB Tony Logan 0-0: Ball
1-0: 2-RUN HOME RUN (Flyball, 89XD, EV 115.6 MPH), Distance : 435 ft
Batting: RHB Luis Vega 0-0: Called Strike
0-1: Called Strike
0-2: Foul Ball, location: 2F
0-2: Foul Ball, location: 2F
0-2: Ball
1-2: Strikes out swinging
Batting: RHB Ricky Jimenez 0-0: Foul Ball, location: 2F
0-1: Foul Ball, location: 2F
0-2: Foul Ball, location: 2F
0-2: Strikes out swinging
Top of the 6th over - 2 runs, 2 hits, 0 errors, 0 left on base; Toronto (WIN) 2 - Chicago (WIN) 1
BOTTOM OF THE 6TH
Chicago (WIN) White Sox batting - Pitching for Toronto (WIN) Blue Jays : LHP Stacy Hootentootin
Batting: SHB Dan Lash 0-0: Ball
1-0: SINGLE (Line Drive, 4MD, EV 100.0 MPH)
Batting: RHB Jason Moss 0-0: Ball
1-0: Called Strike
1-1: Foul Ball, location: 2F
1-2: Strikes out swinging
Batting: RHB Will Washburn 0-0: Ball
1-0: Ball
2-0: Ball
3-0: Called Strike
3-1: Called Strike
3-2: Strikes out looking
Dan Lash is caught stealing 2nd base 2-4
Batter strikes out.
Bottom of the 6th over - 0 runs, 1 hit, 0 errors, 0 left on base; Toronto (WIN) 2 - Chicago (WIN) 1
TOP OF THE 7TH
Toronto (WIN) Blue Jays batting - Pitching for Chicago (WIN) White Sox : RHP Alex Montes
Pitching: LHP Josh Vaca
Batting: RHB Kirk Arp 0-0: Foul Ball, location: 2F
0-1: Ball
1-1: Ball
2-1: Ball
3-1: Base on Balls
Batting: RHB Dale Aubrey 0-0: Fielders Choice at 2nd, 4-6 (Groundball, 4, EV 85.0 MPH)
Batting: RHB Liangde Li 0-0: Ball
1-0: Foul Ball, location: 2F
1-1: Foul Ball, location: 2F
1-2: Strikes out swinging
Batting: RHB Josh Whitmore 0-0: Ball
1-0: Ball
Dale Aubrey is caught stealing 2nd base 2-4
Top of the 7th over - 0 runs, 0 hits, 0 errors, 0 left on base; Toronto (WIN) 2 - Chicago (WIN) 1
BOTTOM OF THE 7TH
Chicago (WIN) White Sox batting - Pitching for Toronto (WIN) Blue Jays : LHP Stacy Hootentootin
Batting: LHB Manny Estrada 0-0: Ball
1-0: Called Strike
1-1: Foul Ball, location: 2F
1-2: Strikes out looking
Batting: RHB Leo Navarro 0-0: Swinging Strike
0-1: Foul Ball, location: 2F
0-2: Ball
1-2: Ball
2-2: Strikes out swinging
Batting: LHB Jack Christie 0-0: Called Strike
0-1: Ball
1-1: Foul Ball, location: 2F
1-2: Ball
2-2: Strikes out swinging
Bottom of the 7th over - 0 runs, 0 hits, 0 errors, 0 left on base; Toronto (WIN) 2 - Chicago (WIN) 1
TOP OF THE 8TH
Toronto (WIN) Blue Jays batting - Pitching for Chicago (WIN) White Sox : LHP Josh Vaca
Pitching: RHP Eddie Mosley
Batting: RHB Josh Whitmore 0-0: Ball
1-0: Called Strike
1-1: Ball
2-1: Fly out, F4 (Popup, 3D, EV 51.9 MPH)
Pitching: LHP Jose Carmona
Batting: LHB Jesus Romero 0-0: Called Strike
0-1: Ball
1-1: Swinging Strike
1-2: Ball
2-2: Foul Ball, location: 2F
2-2: Foul Ball, location: 2F
2-2: Strikes out looking
Batting: LHB Isto Mäyrä 0-0: Called Strike
0-1: Ball
1-1: Ball
2-1: Ball
3-1: Foul Ball, location: 2F
3-2: Base on Balls
Pitching: RHP David Torres
Batting: RHB Tony Logan 0-0: Called Strike
Isto Mäyrä steals 2nd base
0-1: Foul Ball, location: 2F
0-2: Foul Ball, location: 2F
0-2: Ball
1-2: Strikes out swinging
Top of the 8th over - 0 runs, 0 hits, 0 errors, 1 left on base; Toronto (WIN) 2 - Chicago (WIN) 1
BOTTOM OF THE 8TH
Chicago (WIN) White Sox batting - Pitching for Toronto (WIN) Blue Jays : LHP Stacy Hootentootin
Now at 1B: Jesus Prado
Now at SS: Kent Anderson
Batting: RHB Ivan Ramirez 0-0: Ball
1-0: Ball
2-0: Ball
3-0: Called Strike
3-1: Foul Ball, location: 2F
3-2: Strikes out looking
Pinch Hitting: RHB Bodil Hardenberg 0-0: Called Strike
0-1: Ball
1-1: Foul Ball, location: 2F
1-2: SINGLE (Line Drive, 9S, EV 93.8 MPH)
Batting: LHB Casper Kersten 0-0: Fly out, F7 (Flyball, 78M, EV 80.0 MPH)
Batting: SHB Dan Lash 0-0: Called Strike
0-1: Ball
1-1: Ground out 6-3 (Groundball, 6S, EV 70.0 MPH)
Bottom of the 8th over - 0 runs, 1 hit, 0 errors, 1 left on base; Toronto (WIN) 2 - Chicago (WIN) 1
TOP OF THE 9TH
Toronto (WIN) Blue Jays batting - Pitching for Chicago (WIN) White Sox : RHP David Torres
Now in LF: Bodil Hardenberg
Batting: RHB Luis Vega 0-0: Called Strike
0-1: Ball
1-1: Ball
2-1: Ball
3-1: Base on Balls
Batting: RHB Ricky Jimenez 0-0: Ball
1-0: 2-RUN HOME RUN (Flyball, 7LD, EV 96.9 MPH), Distance : 361 ft
Batting: RHB Kirk Arp 0-0: Called Strike
0-1: Ball
1-1: Ball
2-1: Foul Ball, location: 2F
2-2: Foul Ball, location: 2F
2-2: Strikes out swinging
Batting: RHB Dale Aubrey 0-0: Ball
1-0: Ball
2-0: Called Strike
2-1: Foul Ball, location: 2F
2-2: Strikes out looking
Batting: RHB Liangde Li 0-0: Called Strike
0-1: Ball
1-1: Ball
2-1: Foul Ball, location: 2F
2-2: Ball
3-2: SINGLE (Groundball, 15S, EV 71.3 MPH) (infield hit)
Batting: RHB Josh Whitmore 0-0: Called Strike
Liangde Li steals 2nd, throwing error, E2
Liangde Li to third
0-1: Foul Ball, location: 2F
0-2: SINGLE (Line Drive, 8LS, EV 109.4 MPH)
Liangde Li scores
Pitching: RHP Zach Ault
Batting: RHB Kent Anderson 0-0: Called Strike
0-1: Ball
1-1: Ball
2-1: Called Strike
2-2: Strikes out swinging
Top of the 9th over - 3 runs, 3 hits, 1 error, 1 left on base; Toronto (WIN) 5 - Chicago (WIN) 1
BOTTOM OF THE 9TH
Chicago (WIN) White Sox batting - Pitching for Toronto (WIN) Blue Jays : LHP Stacy Hootentootin
Batting: RHB Jason Moss 0-0: Foul Ball, location: 2F
0-1: Ball
1-1: SINGLE (Line Drive, 34D, EV 96.9 MPH)
Pitching: RHP Nick Jeanty
Batting: RHB Will Washburn 0-0: Ball
1-0: Fly out, F4 (Flyball, 4MD, EV 91.3 MPH)
Batting: LHB Manny Estrada 0-0: Foul Ball, location: 2F
0-1: Called Strike
0-2: Ball
1-2: Foul Ball, location: 2F
1-2: Strikes out swinging
Batting: RHB Leo Navarro 0-0: Ball
1-0: Called Strike
1-1: Foul Ball, location: 2F
1-2: Foul Ball, location: 2F
1-2: Ball
2-2: Foul Ball, location: 2F
2-2: Ball
3-2: Fly out, F7 (Flyball, 7LS, EV 93.8 MPH)
Bottom of the 9th over - 0 runs, 1 hit, 0 errors, 1 left on base; Toronto (WIN) 5 - Chicago (WIN) 1
Thursday, March 31st , 2022 - OOTP Baseball 22.12 Build 89